 Dungeon Crawl Stone Soup version 0.23-a0-650-ga4d50d4 (webtiles) character file.

100 Amnesiac the Digger (level 4, 18/18 HPs)
             Began as a Felid Earth Elementalist on Jan 5, 2019.
             Quit the game on level 4 of the Dungeon.
             The game lasted 00:03:16 (1458 turns).

Amnesiac the Digger (Felid Earth Elementalist)      Turns: 1458, Time: 00:03:17

Health: 18/18      AC:  1    Str:  4    XL:     4   Next: 47%
Magic:  11/11      EV: 18    Int: 17    God:
Gold:   51         SH:  0    Dex: 17    Spells: 4/11 levels left
                                        Lives:  0   Deaths: 1

rFire    . . .     SeeInvis +   (weapon unavailable)
rCold    . . .     Gourm    .   (shield unavailable)
rNeg     . . .     Faith    .   (armour unavailable)
rPois    .         Spirit   .   (helmet unavailable)
rElec    .         Reflect  .   (cloak unavailable)
rCorr    .         Harm     .   (gloves unavailable)
MR       .....                  (boots unavailable)
Stlth    +++.......             (no amulet)
HPRegen  0.06/turn              (no ring)
MPRegen  0.12/turn              (no ring)

@: quick
A: very small, no armour, no weapons or thrown items, stealth, claws 1, fangs 3,
see invisible, carnivore, speed 1, shaggy fur 1, slow metabolism 1, sharp paws
a: no special abilities


You were on level 4 of the Dungeon.
You were not hungry.

You visited 1 branch of the dungeon, and saw 5 of its levels.

You collected 51 gold pieces.

Inventory:

Missiles
 b - 64 stones
Wands
 f - a wand of acid (7)
Scrolls
 e - a scroll of noise {!r, unknown}
 h - 4 scrolls of identify {!r, unknown}
 i - a scroll of magic mapping {!r, unknown}
Potions
 a - a potion of brilliance {!q, unknown}
 g - a potion of haste {!q, unknown}
Comestibles
 c - 2 rations
 d - 2 chunks of flesh


   Skills:
 - Level 2.6 Dodging
 + Level 3.7 Stealth
 * Level 4.0 Spellcasting
 - Level 1.1 Transmutations
 * Level 4.1 Earth Magic


You had 4 spell levels left.
You knew the following spells:

 Your Spells              Type           Power        Failure   Level  Hunger
a - Sandblast             Erth           ###...       3%          1    None
b - Passwall              Tmut/Erth      ##......     9%          2    ##.....
e - Petrify               Tmut/Erth      ##......     47%         4    ####...

Your spell library contained the following spells:

 Spells                   Type           Power        Failure   Level  Hunger
 Stone Arrow              Conj/Erth      ##....       21%         3    ###....
 Lee's Rapid Deconstruct  Erth           ###.......   63%         5    ######.


Dungeon Overview and Level Annotations

Branches:
Dungeon (5/15)
 Temple: D:4-7

Altars:


Innate Abilities, Weirdness & Mutations

You cannot wear armour.
You are incapable of wielding weapons or throwing items.
Your paws allow you to move quietly. (Stealth)
You have sharp claws.
You have razor-sharp teeth.
You have supernaturally acute eyesight. (SInv)
You are carnivorous and can eat meat at any time.
You cover ground quickly.
You are covered in fur. (AC +1)
You have a slow metabolism.
Your sharp claws are effective at attacking unaware monsters.


Message History

Confirm with . or Enter, or press ? or * to list all spells.
You can't see any susceptible monsters within range! (Use Z to cast anyway.)
b - 68 stones (gained 1) Some of the chunks of flesh in your inventory have rotted away.
The orc is too close now for your liking.
There is a stone staircase leading down here.
Things that are here:
17 stones; an orc corpse
There are monsters nearby!
There are monsters nearby!
The orc wizard shouts!
There is a stone staircase leading down here.
Things that are here:
17 stones; an orc corpse You start resting.
The orc wizard is too close now for your liking.
Casting: Sandblast (safe; 3% risk of failure)
Confirm with . or Enter, or press ? or * to list all spells.
Aiming: Sandblast (safe; 3% risk of failure)
Press: ? - help, Shift-Dir - straight line, f - orc wizard
Aim: an orc wizard, wielding a +0 dagger and wearing a +0 robe The blast of sand hits the orc wizard.
The orc wizard is heavily wounded.
b - 67 stones The orc wizard gestures wildly while chanting.
The orc wizard seems to speed up.
Casting: Sandblast (safe; 3% risk of failure)
Confirm with . or Enter, or press ? or * to list all spells.
Aiming: Sandblast (safe; 3% risk of failure)
Press: ? - help, Shift-Dir - straight line, f/p - orc wizard
Aim: an orc wizard, wielding a +0 dagger and wearing a +0 robe (moderately The blast of sand hits the orc wizard.
The orc wizard is almost dead.
b - 66 stones The orc wizard hits you with a +0 dagger.
Casting: Sandblast (safe; 3% risk of failure)
Confirm with . or Enter, or press ? or * to list all spells.
Aiming: Sandblast (safe; 3% risk of failure)
Press: ? - help, Shift-Dir - straight line, f/p - orc wizard
Aim: an orc wizard, wielding a +0 dagger and wearing a +0 robe (almost dead, The blast of sand misses the orc wizard.
b - 65 stones The orc wizard points at you and mumbles some strange words.
The puff of flame hits you!
Ouch! That really hurt!
* * * LOW HITPOINT WARNING * * *
Casting: Sandblast (safe; 3% risk of failure)
Confirm with . or Enter, or press ? or * to list all spells.
Aiming: Sandblast (safe; 3% risk of failure)
Press: ? - help, Shift-Dir - straight line, f/p - orc wizard
Aim: an orc wizard, wielding a +0 dagger and wearing a +0 robe (almost dead, The blast of sand misses the orc wizard.
b - 64 stones The orc wizard casts a spell at you.
The magic dart hits you!
You die...
The orc wizard gestures at you while chanting.
The puff of flame misses you.
You are now level 4!
You rejoin the land of the living...
Unknown command.
You can't grasp things well enough to throw them.
Unknown command.
Are you sure you want to abandon this character and quit the game? (Confirm

######
##....####
#........#
#.@.......
#.........
#.........
#.........
#.........
#.........
#.........
##.......#
...


There were no monsters in sight!

Vanquished Creatures
  A scorpion (D:4)
  A howler monkey (D:4)
  A hound (D:4)
  Jessica (D:3)
  A hound skeleton (D:4)
  An adder (D:4)
  An adder skeleton (D:4)
  A dart slug (D:4)
  4 leopard geckos
  3 orcs (D:4)
  4 giant cockroaches
  A hobgoblin (D:1)
  2 kobolds (D:1)
  2 quokkas
  2 bats
  2 rats
28 creatures vanquished.

Notes
Turn   | Place    | Note
-------+----------+-------------------------------------------
     0 | D:1      | Amnesiac the Felid Earth Elementalist began the quest for
                  | the Orb.
     0 | D:1      | Reached XP level 1. HP: 7/7 MP: 4/4
   381 | D:2      | Reached XP level 2. HP: 11/11 MP: 4/6
   389 | D:2      | Learned a level 2 spell: Passwall
   524 | D:3      | Noticed Jessica
   528 | D:3      | Killed Jessica
   528 | D:3      | Reached XP level 3. HP: 13/14 MP: 3/8
   597 | D:4      | Reached XP level 4. HP: 17/18 MP: 5/10
   785 | D:4      | Learned a level 4 spell: Petrify
   804 | D:4      | Reached XP level 5. HP: 20/21 MP: 6/11
  1118 | D:5      | Entered Level 5 of the Dungeon
  1457 | D:4      | Killed from afar by an orc wizard
  1458 | D:4      | Reached XP level 4. HP: -1/18 MP: 8/11
  1458 | D:4      | Quit the game

Vault maps used:
D:1:      roderic_chinese_lattice_arrival
D:2:      old_standard_altar
D:3:      yredelemnul_altar_generic, uniq_jessica, uniq_terence, uniq_grinder
D:5:      nicolae_qazlal_general_emergency, temple_statues, serial_shops, shop,
          shop, shop_coins, shop, first_ration,
          hangedman_abyss_or_decor_stagger, uniq_edmund, uniq_blork_the_orc,
          uniq_eustachio

Skill      XL: |  1  2  3  4  5 |
---------------+----------------+-----
Stealth        | 3 |  3.7
Spellcasting   | 3 4 |  4.0
Earth Magic    | 3 4 |  4.1
Dodging        | |  2.6
Transmutations | |  1.1

Action                   |  1- 3 |  4- 6 || total
-------------------------+-------+-------++-------
Melee: Unarmed           |    17 |    33 ||    50
       Bite              |       |     2 ||     2
 Cast: Sandblast         |    14 |    31 ||    45
       Passwall          |     1 |       ||     1
  Use: Scroll            |       |     2 ||     2
 Stab: Sleeping          |     4 |     2 ||     6
  Eat: Chunk             |     4 |     4 ||     8
Armor: Skin              |       |     3 ||     3
Dodge: Dodged            |    15 |    38 ||    53

Table legend:
 A = Non-vault XP
 B = Vault XP
 C = Vault XP percentage of total XP
 D = Non-vault monster count
 E = Vault monster count
 F = Vault count percentage of total count
                 A         B        C        D         E       F
            +---------+---------+-------+---------+---------+-------
      Total |     247 |      37 |  13.0 |      27 |       1 |   3.6
            +---------+---------+-------+---------+---------+-------
        D:1 |      11 |       0 |   0.0 |       6 |       0 |   0.0
        D:2 |       4 |       0 |   0.0 |       3 |       0 |   0.0
        D:3 |       5 |      37 |  88.1 |       3 |       1 |  25.0
        D:4 |     227 |       0 |   0.0 |      15 |       0 |   0.0
            +---------+---------+-------+---------+---------+-------
